 Dungeon Crawl Stone Soup version 0.26.1-16-g4e020e15dc (webtiles) character file.

Game seed: 10788791586734343945

102 Froggeryz the Cutter (level 4, 0/33 HPs)
             Began as an Octopode Berserker on Feb 4, 2024.
             Was a Priest of Trog.
             Slain by Robin
             ... wielding a +0 club
              (1 damage)
             ... on level 2 of the Dungeon.
             The game lasted 00:01:15 (1703 turns).

Froggeryz the Cutter (Octopode Berserker)           Turns: 1703, Time: 00:01:15

Health: 0/33       AC:  1    Str: 16    XL:     4   Next: 78%
Magic:  4/4        EV: 14    Int:  9    God:    Trog [***...]
Gold:   128        SH:  0    Dex: 12    Spells: 3/3 levels left

rFire    . . .     SeeInvis .   a - +0 short sword
rCold    . . .     Faith    .   (no shield)
rNeg     . . .     Spirit   .   (helmet restricted)
rPois    .         Reflect  .   (no amulet)
rElec    .         Harm     .   (no ring)
rCorr    .         Rampage  .   (no ring)
Will     .....                  (no ring)
Stlth    +++.......             (no ring)
HPRegen  0.11/turn              (no ring)
MPRegen  0.09/turn              (no ring)
                                (no ring)
                                (no ring)

@: berserk cooldown, slowed, very slow
A: almost no armour, stealthy swim, amphibious, 8 rings, constrict 8, camouflage
1, gelatinous body 1
a: Renounce Religion, Berserk, Trog's Hand


You were on level 2 of the Dungeon.
You worshipped Trog.
Trog was most pleased with you.
You visited 1 branch of the dungeon, and saw 2 of its levels.

You collected 128 gold pieces.

Inventory:

Hand Weapons
 a - a +0 short sword (weapon)
Jewellery
 b - an uncursed amulet of guardian spirit {unknown}
Scrolls
 c - a scroll of immolation {unknown}
 d - a scroll of blinking {unknown}
 e - a scroll of teleportation {unknown}
Potions
 f - 2 potions of lignification {unknown}
 g - a potion of invisibility {unknown}
 h - 2 potions of attraction {unknown}


   Skills:
 + Level 3.6 Fighting
 * Level 4.3 Short Blades
 - Level 3.0 Dodging
 + Level 2.8 Stealth


You had 3 spell levels left.
You didn't know any spells.
Your spell library was empty.

Dungeon Overview and Level Annotations

Branches:
Dungeon (2/15)

Altars:

Annotations:
D:2 Robin


Innate Abilities, Weirdness & Mutations

You cannot wear most types of armour.
You are very stealthy in the water. (Stealth+)
You are amphibious.
You can wear up to eight rings at the same time.
You can use your tentacles to constrict eight enemies at once.
Your skin changes colour to match your surroundings (Stealth+).
Your rubbery body absorbs attacks. (AC +1, EV +1)


Message History

The goblin hits you.
* * * LOW HITPOINT WARNING * * *
The goblin closely misses you.
You puncture the goblin!
You kill the goblin!
Trog accepts your kill.
You constrict the goblin. The goblin hits you with a +0 dagger.
* * * LOW HITPOINT WARNING * * *
You hit the goblin.
You kill the goblin!
Trog accepts your kill.
You are no longer berserk.
You are exhausted.
You feel yourself slow down. The goblin completely misses you.
You hit Robin. You grab Robin.
Robin is moderately wounded.
You constrict Robin, but do no damage.
Robin says, "A pitiful Octopus like you will never find the ORB!"
Robin hits you with a +0 club.
You die...

.#######..#. ..##.# .#
##..#### ..#.# .# #..
#.#.# .# #.# #.#.# .#
#.# #...# .# #.# #..##
.### #.# ##..# ...###.#
#.).#
.#..#..#######.#@#
............#..gg)....#
##...######...........#
##^.# ##..........#
#..# #...........# #..#
#...........#
###.>######.........###
.........##?........#
##.......#


You could see Robin and a goblin (strong).

Vanquished Creatures
  2 adders (D:2)
  A worm (D:2)
  3 dart slugs
  2 leopard geckos
  A giant cockroach (D:1)
  12 goblins
  12 hobgoblins
  10 jackals
  8 kobolds
  7 bats
  4 frilled lizards
  6 rats
68 creatures vanquished.

Notes
Turn   | Place    | Note
-------+----------+-------------------------------------------
     0 | D:1      | Froggeryz the Octopode Berserker began the quest for the
                  | Orb.
     0 | D:1      | Reached XP level 1. HP: 16/16 MP: 1/1
   297 | D:1      | Reached skill level 1 in Stealth
   297 | D:1      | Reached XP level 2. HP: 21/21 MP: 2/2
   849 | D:1      | Reached XP level 3. HP: 25/26 MP: 3/3
   874 | D:1      | Reached ** piety under Trog
  1327 | D:2      | Reached skill level 4 in Short Blades
  1327 | D:2      | Reached XP level 4. HP: 29/31 MP: 4/4
  1676 | D:2      | Noticed Robin
  1690 | D:2      | Reached *** piety under Trog
  1701 | D:2      | HP: 1/49 [goblin/+0 dagger[Robin] (3)]
  1703 | D:2      | Slain by Robin

Illustrated notes

Levels and vault maps discovered:
D:1:      scummos_arrival_gate, layout_loops_corners, corexii_hall_statues_s
D:2:      layout_rooms, uniq_robin

Skill      XL: |  1  2  3 |
---------------+----------+-----
Stealth        | 1 2 |  2.8
Short Blades   | 4 |  4.3
Fighting       | |  3.6
Dodging        | |  3.0

Action                   |  1- 3 |  4- 6 || total
-------------------------+-------+-------++-------
Melee: Short sword       |    64 |    51 ||   115
       Tentacles         |    15 |     7 ||    22
       Constrict         |    15 |    21 ||    36
Invok: Berserk           |     1 |     1 ||     2
 Stab: Sleeping          |     9 |       ||     9
Armor: Skin              |     7 |     7 ||    14
Dodge: Dodged            |    39 |    43 ||    82
